 Dungeon Crawl Stone Soup version 0.31-a0-4-gefa6de2278 (webtiles) character file.

Game seed: 17252135255786341568

12 retardedninja the Firebug (level 2, -2/20 HPs)
             Began as a Gnoll Fire Elementalist on May 3, 2023.
             Slain by a gnoll
             ... wielding a +2 halberd of freezing
              (4 damage)
             ... on level 2 of the Dungeon.
             The game lasted 00:00:48 (991 turns).

retardedninja the Firebug (Gnoll Fire Elementalist)  Turns: 991, Time: 00:00:49

Health: -2/20      AC:  2    Str:  7    XL:     2   Next: 33%
Magic:  7/7        EV: 13    Int: 14    God:
Gold:   84         SH:  0    Dex: 12    Spells: 7/10 levels left

rFire   . . .        i - +0 spear
rCold   . . .        (no shield)
rNeg    . . .        a - +0 robe
rPois   .            (no helmet)
rElec   .            (no cloak)
rCorr   .            (no gloves)
SInv    .            (no boots)
Will    .....        (no amulet)
Stlth   ++           (no ring)
HPRegen 0.23/turn    (no ring)
MPRegen 0.10/turn

%: no passive effects
@: no status effects
A: fangs 1, strong nose, distributed training
a: no special abilities


You were on level 2 of the Dungeon.
You visited 1 branch of the dungeon, and saw 2 of its levels.

You collected 84 gold pieces.

Inventory:

Hand Weapons
 i - a +0 spear (weapon)
Armour
 a - a +0 robe (worn)
Scrolls
 d - a scroll of fog {unknown}
 f - a scroll of poison {unknown}
 h - a scroll of enchant weapon {unknown}
Potions
 b - a potion of magic
 c - a potion of curing {unknown}
 e - a potion of attraction {unknown}
 g - a potion of flight {unknown}


   Skills:
 + Level 0.4 Fighting
 + Level 0.4 Short Blades
 + Level 0.4 Long Blades
 + Level 0.4 Axes
 + Level 0.4 Maces & Flails
 + Level 0.4 Polearms
 + Level 0.4 Staves
 + Level 0.4 Ranged Weapons
 + Level 0.4 Throwing
 + Level 0.4 Armour
 + Level 4.5 Dodging
 + Level 4.1 Stealth
 + Level 0.4 Shields
 + Level 0.4 Unarmed Combat
 + Level 4.9 Spellcasting
 + Level 2.0 Conjurations
 + Level 0.2 Hexes
 + Level 0.2 Summonings
 + Level 0.2 Necromancy
 + Level 0.2 Translocations
 + Level 0.2 Transmutations
 + Level 5.3 Fire Magic
 + Level 0.2 Ice Magic
 + Level 0.2 Air Magic
 + Level 0.2 Earth Magic
 + Level 0.2 Poison Magic
 + Level 0.5 Invocations
 + Level 0.4 Evocations


You had 7 spell levels left.
You knew the following spells:

 Your Spells              Type           Power      Damage    Failure   Level
a - Foxfire               Conj/Fire      52%        2x1d6     3%          1
b - Scorch                Fire           36%        2d7       3%          2

Your spell library contained the following spells:

 Spells                   Type           Power      Damage    Failure   Level
 Apportation              Tloc           8%         N/A       16%         1
 Necrotise                Necr           16%        1d4       16%         1
 Summon Small Mammal      Summ           16%        N/A       16%         1
 Inner Flame              Hex/Fire       11%        N/A       17%         3
 Volatile Blastmotes      Fire/Tloc      22%        2d11      17%         3
 Flame Wave               Conj/Fire      13%        2d6       36%         4


Dungeon Overview and Level Annotations

Branches:
Dungeon (2/15)

Altars:


Innate Abilities, Weirdness & Mutations

You have very sharp teeth.
Your uncanny sense of smell can sniff out nearby items.
Your experience applies equally to all skills.


Message History

You conjure some foxfire!
Your foxfire dissipates! x2
Key pressed, stopping explore.
Key pressed, stopping explore.
Done exploring.
Done exploring.
Done exploring.
Done exploring.
Done exploring.
You see here a +0 spear.
i - a +0 spear
i - a +0 spear (weapon)
Memorise Scorch, consuming 2 spell levels and leaving 7?
You start memorising the spell.
You continue memorising. x2
You finish memorising.
Spell assigned to 'b'.
There is a stone staircase leading down here.
You climb downwards.
There is a stone staircase leading up here.
A bat is nearby!
A bat is nearby!
You conjure some foxfire!
The foxfire hits the bat.
You kill the bat!
Your foxfire dissipates!
You conjure some foxfire!
Your foxfire dissipates!
Your foxfire dissipates!
Magic restored.
Key pressed, stopping explore.
A gnoll comes into view.
It is wielding a +2 halberd of freezing.
The gnoll shouts!
You hear a shout! x2
A gnoll comes into view. It is wielding a +0 club.
There are monsters nearby!
There are monsters nearby!
A gnoll comes into view. It is wielding a +0 whip.
The gnoll hits you from afar with a +2 halberd of freezing!!
Ouch! That really hurt!
* * * LOW HITPOINT WARNING * * *
The gnoll freezes you.
You die...

#....#.# #....#.#
###....#.#
#...g..#.#
#......#.# ∆
#....g.#.#
#...g....#
.#######....##..#
..........@.....#
########.<..###.#
#....###.#
##.#.....#
#.#.##### #.#.# ∆
#.#.# #.#.# #....


You could see 3 gnolls.

Vanquished Creatures
  A ball python (D:1)
  2 endoplasms (D:1)
  A goblin (D:1)
  A hobgoblin (D:1)
  A quokka (D:1)
  A bat (D:2)
  A frilled lizard (D:1)
  4 rats (D:1)
12 creatures vanquished.

Vanquished Creatures (others)
  44 foxfires
44 creatures vanquished.

Grand Total: 56 creatures vanquished

Notes
Turn   | Place    | Note
-------+----------+-------------------------------------------
     0 | D:1      | retardedninja the Gnoll Fire Elementalist began the quest
                  | for the Orb.
     0 | D:1      | Reached XP level 1. HP: 13/13 MP: 6/6
   574 | D:1      | Reached XP level 2. HP: 19/19 MP: 2/7
   719 | D:1      | Found a faded altar of an unknown god.
   947 | D:1      | Learned a level 2 spell: Scorch
   991 | D:2      | Slain by a gnoll

Illustrated notes

Levels and vault maps discovered:
D:1:      elethiomel_arrival_quiet, layout_loops_cross,
          ebering_ecumenical_altar_box
D:2:      layout_basic, basic_altar, minmay_hexomino_f4

Skill      XL: |  1 |
---------------+----+-----
Conjurations   | 2 |  2.0
Fighting       | |  0.4
Short Blades   | |  0.4
Long Blades    | |  0.4
Axes           | |  0.4
Maces & Flails | |  0.4
Polearms       | |  0.4
Staves         | |  0.4
Ranged Weapons | |  0.4
Throwing       | |  0.4
Armour         | |  0.4
Dodging        | |  4.5
Stealth        | |  4.1
Shields        | |  0.4
Unarmed Combat | |  0.4
Spellcasting   | |  4.9
Hexes          | |  0.2
Summonings     | |  0.2
Necromancy     | |  0.2
Translocations | |  0.2
Transmutations | |  0.2
Fire Magic     | |  5.3
Ice Magic      | |  0.2
Air Magic      | |  0.2
Earth Magic    | |  0.2
Poison Magic   | |  0.2
Invocations    | |  0.5
Evocations     | |  0.4

Action                     || total
---------------------------++-------
   Cast: Foxfire           ||    31
 Armour: Robe              ||     1
  Dodge: Dodged            ||     4

Table legend: (Time is in decaauts)
 A = Elapsed time spent in this place.
 B = Non-inter-level travel time spent in this place.
 C = Inter-level travel time spent in this place.
 D = Time resting spent in this place.
 E = Time spent auto-exploring this place.
 F = Levels seen in this place.
 G = Mean time per level.
                   A        B        C        D        E       F      G
               +--------+--------+--------+--------+--------+-----+--------+
         Total |    990 |    963 |     27 |      0 |    862 |   2 |  495.0 |
       Dungeon |    990 |    963 |     27 |      0 |    862 |   2 |  495.0 |
               +--------+--------+--------+--------+--------+-----+--------+

Top non-repeatable levels by time:
     D:1: 951 daAuts
     D:2: 38 daAuts
